 Dungeon Crawl Stone Soup version 0.28-a0-863-g8cecda6153 (webtiles) character file.

Game seed: 16520784605607357692

907 ryw the Skirmisher (level 7, -5/60 HPs)
             Began as a Demonspawn Monk on Nov 18, 2021.
             Slain by a wraith (10 damage)
             ... on level 5 of the Dungeon.
             The game lasted 00:07:34 (5260 turns).

ryw the Skirmisher (Demonspawn Monk)                Turns: 5260, Time: 00:07:35

Health: -5/60      AC:  7    Str: 17    XL:     7   Next: 81%
Magic:  7/7        EV: 10    Int: 11    God:
Gold:   199        SH:  7    Dex: 16    Spells: 6/6 levels left

rFire   . . .      SeeInvis .     - Unarmed
rCold   . . .      Faith    .   s - +0 kite shield
rNeg    . . .      Spirit   .   m - +2 leather armour {rPois}
rPois   +          Reflect  .   (no helmet)
rElec   .          Harm     .   (no cloak)
rCorr   .          Rampage  .   (no gloves)
Will    .....                   (no boots)
Stlth   ++........              i - amulet of magic regeneration
HPRegen 0.20/turn               (no ring)
MPRegen 0.35/turn               (no ring)

@: slowed, very slow
A: slimy green scales 1, powered by death 3, claws 1, strong 2
a: no special abilities


You were on level 5 of the Dungeon.
You visited 1 branch of the dungeon, and saw 5 of its levels.

You collected 199 gold pieces.

Inventory:

Missiles
 e - 9 javelins (quivered)
 h - 4 silver javelins
 j - 19 poisoned darts
Armour
 k - a +1 pair of gloves
 m - a +2 leather armour of poison resistance (worn)
 s - a +0 kite shield (worn)
Magical Staves
 n - a staff of death
Jewellery
 a - a +6 ring of strength
 f - a ring of willpower
 i - an amulet of magic regeneration (around neck)
Scrolls
 c - 3 scrolls of teleportation {unknown}
 d - 5 scrolls of identify {unknown}
 g - a scroll of magic mapping {unknown}
 l - a scroll of blinking {unknown}
 o - a scroll of silence {unknown}
 r - a scroll of fear {unknown}
Potions
 b - a potion of curing
 p - 2 potions of lignification {unknown}
 q - a potion of ambrosia {unknown}


   Skills:
 + Level 7.3 Fighting
 - Level 1.0 Throwing
 + Level 4.0 Dodging
 - Level 1.7 Stealth
 * Level 5.0 Unarmed Combat


You had 6 spell levels left.
You didn't know any spells.
Your spell library was empty.

Dungeon Overview and Level Annotations

Branches:
Dungeon (5/15)
 Temple: D:4-7

Altars:
Fedhas
Kikubaaqudgha


Innate Abilities, Weirdness & Mutations

You are partially covered in slimy green scales. (AC +2)
You regenerate a lot of health from kills.
You have sharp fingernails.
Your muscles are very strong. (Str +4)


Message History

You feel as though you will be slow longer.
You scratch the wraith but do no damage.
The wraith is severely damaged.
The wraith barely misses you. The wraith hits you but does no damage.
You scratch the wraith.
The wraith is severely damaged.
The wraith hits you but does no damage. x2
You barely miss the wraith.
The wraith is severely damaged.
You block the wraith's attack. x2
You scratch the wraith but do no damage.
The wraith is severely damaged.
The wraith misses you. You block the wraith's attack.
You scratch the wraith but do no damage.
The wraith is severely damaged.
You hear the slow rusting of a distant drain.
The wraith hits you. The wraith drains your vigour!
You feel as though you will be slow longer.
You closely miss the wraith.
The wraith is severely damaged.
The wraith hits you. The wraith drains your vigour!
You feel as though you will be slow longer.
The wraith hits you. The wraith drains your vigour!
You feel as though you will be slow longer.
You closely miss the wraith.
The wraith is severely damaged.
You block the wraith's attack. The wraith barely misses you.
You scratch the wraith but do no damage.
The wraith is severely damaged.
The wraith hits you.
* * * LOW HITPOINT WARNING * * *
The wraith drains your vigour!
You feel as though you will be slow longer.
The wraith completely misses you.
You barely miss the wraith.
The wraith is severely damaged.
The wraith hits you!
* * * LOW HITPOINT WARNING * * *
The wraith hits you!
You die...

### ####### ...
.[.... ... .....
##.##... #.#...#..
#.....W.# #. #@##
..#..##..# #........#
...##.##.# #.....#.##
#........##########
...#...#..........<#
.#.##.##....########
#............########


You could see a wraith.

Vanquished Creatures
  Eustachio (D:4)
  A steam dragon (D:4)
  An ogre (D:4)
  A phantom (D:4)
  A howler monkey (D:3)
  2 hounds (D:4)
  A jelly (D:4)
  An iguana (D:4)
  4 orc wizards
  Ijyb (D:3)
  11 adders
  2 worms (D:2)
  A dart slug (D:4)
  10 orcs
  9 ball pythons
  4 endoplasms
  4 giant cockroaches
  5 goblins
  7 hobgoblins
  3 jackals (D:1)
  6 kobolds
  2 quokkas
  5 bats
  A frilled lizard (D:2)
  4 rats
88 creatures vanquished.

Vanquished Creatures (others)
  2 fungi (D:3)
  2 plants (D:3)
  3 withered plants (D:3)
7 creatures vanquished.

Grand Total: 95 creatures vanquished

Notes
Turn   | Place    | Note
-------+----------+-------------------------------------------
     0 | D:1      | ryw the Demonspawn Monk began the quest for the Orb.
     0 | D:1      | Reached XP level 1. HP: 18/18 MP: 1/1
   385 | D:1      | Gained mutation: You regenerate a little health from kills.
                  | [demonic ancestry]
   385 | D:1      | Reached XP level 2. HP: 24/24 MP: 2/2
   724 | D:1      | Reached skill level 4 in Fighting
  1201 | D:2      | Gained mutation: You regenerate health from kills. [demonic
                  | ancestry]
  1201 | D:2      | Reached XP level 3. HP: 20/30 MP: 3/3
  1736 | D:2      | Reached skill level 1 in Throwing
  2040 | D:2      | Gained mutation: You are partially covered in slimy green
                  | scales. (AC +2) [demonic ancestry]
  2040 | D:2      | Reached XP level 4. HP: 33/38 MP: 4/4
  2041 | D:2      | Reached skill level 5 in Fighting
  2638 | D:3      | Reached XP level 5. HP: 44/44 MP: 5/5
  2696 | D:3      | Gained mutation: Your muscles are strong. (Str +2) [potion
                  | of mutation]
  2696 | D:3      | Gained mutation: You have sharp fingernails. [potion of
                  | mutation]
  2696 | D:3      | Gained mutation: Your muscles are very strong. (Str +4)
                  | [potion of mutation]
  2711 | D:3      | Reached skill level 6 in Fighting
  3117 | D:3      | Found a faded altar of an unknown god.
  3175 | D:3      | Found an ancient bone altar of Kikubaaqudgha.
  3178 | D:3      | Found a blossoming altar of Fedhas.
  3178 | D:3      | Noticed Ijyb
  3194 | D:3      | Paralysed by Ijyb for 6 turns
  3208 | D:3      | Paralysed by Ijyb for 5 turns
  3248 | D:3      | Killed Ijyb
  3871 | D:4      | Noticed an ogre
  3888 | D:4      | Killed an ogre
  3889 | D:4      | Gained mutation: You regenerate a lot of health from kills.
                  | [demonic ancestry]
  3889 | D:4      | Reached XP level 6. HP: 27/53 MP: 6/6
  4294 | D:4      | Noticed Eustachio
  4619 | D:4      | Noticed a steam dragon
  4635 | D:4      | Reached XP level 7. HP: 59/59 MP: 7/7
  4654 | D:4      | Killed a steam dragon
  4655 | D:4      | Reached skill level 7 in Fighting
  4870 | D:4      | Killed Eustachio
  4871 | D:4      | Reached skill level 5 in Unarmed Combat
  5215 | D:5      | Entered Level 5 of the Dungeon
  5237 | D:5      | Noticed a wraith
  5260 | D:5      | Slain by a wraith

Illustrated notes

Levels and vault maps discovered:
D:1:      co_arrival_random_square_maze, layout_loops_corners
D:2:      layout_loops_ring
D:3:      layout_loops_corners, grunt_temple_overflow_growth_and_decay,
          shapermc_ecumenical_altar_mp_ritualfount, minmay_quantized, uniq_ijyb
D:4:      layout_rooms, uniq_eustachio
D:5:      layout_basic, marbit_many_paths, zin_statuary,
          cheibrodos_sewer_entry_sluice, grunt_ministairs_8,
          minmay_crystal_room, chequers_big_river,
          hangedman_decor_clover_reticule

Skill      XL: |  1  2  3  4  5  6  7 |
---------------+----------------------+-----
Fighting       | 4 5 6 7 |  7.3
Throwing       | 1 |  1.0
Dodging        | 3 4 |  4.0
Unarmed Combat | 3 5 |  5.0
Stealth        | |  1.7

Action                   |  1- 3 |  4- 6 |  7- 9 || total
-------------------------+-------+-------+-------++-------
Melee: Unarmed           |   132 |   290 |    93 ||   515
       Punch             |     4 |     2 |     1 ||     7
Throw: Javelin           |     9 |     1 |       ||    10
  Use: Potion            |       |     5 |       ||     5
 Stab: Sleeping          |     8 |     4 |       ||    12
       Distracted        |       |       |     1 ||     1
Armor: Robe              |    16 |    48 |       ||    64
       Leather armour    |       |    44 |    36 ||    80
Dodge: Dodged            |    66 |   197 |    45 ||   308
Block: Kite shield       |       |       |    22 ||    22

Table legend: (Time is in decaauts)
 A = Elapsed time spent in this place.
 B = Non-inter-level travel time spent in this place.
 C = Inter-level travel time spent in this place.
 D = Time resting spent in this place.
 E = Time spent auto-exploring this place.
 F = Levels seen in this place.
 G = Mean time per level.
                   A        B        C        D        E       F      G
               +--------+--------+--------+--------+--------+-----+--------+
         Total |   5261 |   5052 |    209 |   1336 |   2743 |   5 | 1052.2 |
       Dungeon |   5261 |   5052 |    209 |   1336 |   2743 |   5 | 1052.2 |
               +--------+--------+--------+--------+--------+-----+--------+

Top non-repeatable levels by time:
     D:3: 1483 daAuts
     D:1: 1437 daAuts
     D:2: 1194 daAuts
     D:4: 1089 daAuts
     D:5: 57 daAuts
